Workbook
Name _____PJ50: #REF!
Name _____pj51: #REF!
Name ____PJ50: #REF!
Name ____pj51: #REF!
Name ___PJ50: #REF!
Name ___pj51: #REF!
Name __222: #REF!
Name __PJ50: #REF!
Name __pj51: #REF!
Name _A1: {#N/A,#N/A,TRUE,"1842CWN0"}
Name _A1: {#N/A,#N/A,TRUE,"1842CWN0"}
Name _A1: {#N/A,#N/A,TRUE,"1842CWN0"}
Name _AAS1: {#N/A,#N/A,TRUE,"INGENIERIA";#N/A,#N/A,TRUE,"COMPRAS";#N/A,#N/A,TRUE,"DIRECCION";#N/A,#N/A,TRUE,"RESUMEN"}
Name _AAS1: {#N/A,#N/A,TRUE,"INGENIERIA";#N/A,#N/A,TRUE,"COMPRAS";#N/A,#N/A,TRUE,"DIRECCION";#N/A,#N/A,TRUE,"RESUMEN"}
Name _AAS1: {#N/A,#N/A,TRUE,"INGENIERIA";#N/A,#N/A,TRUE,"COMPRAS";#N/A,#N/A,TRUE,"DIRECCION";#N/A,#N/A,TRUE,"RESUMEN"}
Name _ABC1: {#N/A,#N/A,TRUE,"1842CWN0"}
Name _ABC1: {#N/A,#N/A,TRUE,"1842CWN0"}
Name _ABC1: {#N/A,#N/A,TRUE,"1842CWN0"}
Name _abc2: {#N/A,#N/A,TRUE,"1842CWN0"}
Name _abc2: {#N/A,#N/A,TRUE,"1842CWN0"}
Name _abc2: {#N/A,#N/A,TRUE,"1842CWN0"}
Name _APU221: #REF!
Name _APU465: [1]!absc
Name _APU465: [1]!absc
Name _APU465: [1]!absc
Name _APU465: [1]!absc
Name _Fill: #REF!
Name _Key1: #REF!
Name _Key2: #REF!
Name _Order1: 255
Name _Order2: 255
Name _Parse_Out: '[2]7422CW00'!#REF!
Name _PJ50: #REF!
Name _pj51: #REF!
Name _Regression_Int: 1
Name _Sort: #REF!
Name A: #REF!
Name A_impresión_IM: #REF!
Name AA: {#N/A,#N/A,TRUE,"INGENIERIA";#N/A,#N/A,TRUE,"COMPRAS";#N/A,#N/A,TRUE,"DIRECCION";#N/A,#N/A,TRUE,"RESUMEN"}
Name AA: {#N/A,#N/A,TRUE,"INGENIERIA";#N/A,#N/A,TRUE,"COMPRAS";#N/A,#N/A,TRUE,"DIRECCION";#N/A,#N/A,TRUE,"RESUMEN"}
Name AA: {#N/A,#N/A,TRUE,"INGENIERIA";#N/A,#N/A,TRUE,"COMPRAS";#N/A,#N/A,TRUE,"DIRECCION";#N/A,#N/A,TRUE,"RESUMEN"}
Name AAS: {#N/A,#N/A,TRUE,"INGENIERIA";#N/A,#N/A,TRUE,"COMPRAS";#N/A,#N/A,TRUE,"DIRECCION";#N/A,#N/A,TRUE,"RESUMEN"}
Name AAS: {#N/A,#N/A,TRUE,"INGENIERIA";#N/A,#N/A,TRUE,"COMPRAS";#N/A,#N/A,TRUE,"DIRECCION";#N/A,#N/A,TRUE,"RESUMEN"}
Name AAS: {#N/A,#N/A,TRUE,"INGENIERIA";#N/A,#N/A,TRUE,"COMPRAS";#N/A,#N/A,TRUE,"DIRECCION";#N/A,#N/A,TRUE,"RESUMEN"}
Name ABCD: #REF!
Name ABCDE: #REF!
Name absc: #REF!
Name AccessDatabase: "C:\C-314\VOLUMENES\volfin4.mdb"
Name adoq: [3]!absc
Name adoq: [3]!absc
Name adoq: [3]!absc
Name adoq: [3]!absc
Name alc: [4]!absc
Name alc: [4]!absc
Name alc: [4]!absc
Name alc: [4]!absc
Name AÑOWUIE: '[5]Res-Accide-10'!$R$2:$R$7
Name APU: [6]!absc
Name APU: [6]!absc
Name APU: [6]!absc

Sheet P.O. OBRA POR VIGENCIA
B3: Formulario 1 - Propuesta económica - Documento tipo de licitación de obra pública de infraestructura de transporte - versión 3
B4: Código CCE-EICP-FM-14
B5: Versión 3
C6: FORMULARIO 1
C7: PRESUPUESTO OFICIAL PARTE 1. ITEMS DE OBRA
A8: ITEM | B8: DESCRIPCIÓN | C8: UNIDAD | E8: 2024 | I8: 2025 | M8: 2026 | Q8: 2027
E9: CANTIDAD | F9: PRECIO UNITARIO INCLUYE AIU | G9: SUBTOTAL | I9: CANTIDAD | J9: PRECIO UNITARIO INCLUYE AIU | K9: SUBTOTAL | M9: CANTIDAD | N9: PRECIO UNITARIO INCLUYE AIU | O9: SUBTOTAL | Q9: CANTIDAD | R9: PRECIO UNITARIO INCLUYE AIU | S9: SUBTOTAL
A10: 1 | B10: Fabricación y suministro de tableros en lámina galvanizada C-16 E=1,5 mm, material reflectivo Tipo XI , película antigraffiti, para señales SP-SR-SI cumpliendo normatividad vigente. (Incluye elementos de fijación) | C10: M2 | E10: 46 | F10: 469590 | G10: =+ROUND(E10*F10,0) -> 21601140 | I10: 90 | J10: 496498 | K10: =+ROUND(I10*J10,0) -> 44684820 | M10: 90 | N10: 512535 | O10: =+ROUND(M10*N10,0) -> 46128150 | Q10: 45 | R10: 527911 | S10: =+ROUND(Q10*R10,0) -> 23755995
A11: 2 | B11: Fabricación y suministro de pedestal sencillo en tubo galvanizado de sección circular con diametro interior de 2" y e=2mm para señales SP-SR-SI (para tableros iguales a 60 cm) cumpliendo normatividad vigente. | C11: UN | E11: 28 | F11: 149368 | G11: =+ROUND(E11*F11,0) -> 4182304 | I11: 54 | J11: 157927 | K11: =+ROUND(I11*J11,0) -> 8528058 | M11: 54 | N11: 163028 | O11: =+ROUND(M11*N11,0) -> 8803512 | Q11: 27 | R11: 167919 | S11: =+ROUND(Q11*R11,0) -> 4533813
A12: 3 | B12: Fabricación y suministro de pedestal doble en tubo galvanizado de sección circular con diametro interior de 2" y e=2mm para señales tipo dúplex SR/SP - SR/SR - SR/Plaqueta - SP/SP - SP/Plaqueta (para tableros iguales a 60 cm) cumpliendo normatividad vigente. | C12: UN | E12: 121 | F12: 206682 | G12: =+ROUND(E12*F12,0) -> 25008522 | I12: 235 | J12: 218525 | K12: =+ROUND(I12*J12,0) -> 51353375 | M12: 236 | N12: 225583 | O12: =+ROUND(M12*N12,0) -> 53237588 | Q12: 117 | R12: 232350 | S12: =+ROUND(Q12*R12,0) -> 27184950
A13: 4 | B13: Fabricación, suministro e instalación de señal preventiva, reglamentaría ó informativa de 60 cm, lámina galvanizada C-16 E=1,5mm y material reflectivo Tipo XI, película antigraffiti, poste de tubo galvanizado de sección circular con diámetro interior de 2" y e=2 mm con brazo variable desde 70cm hasta 120 cm, cumpliendo normatividad vigente. (Incluye la cimentación del soporte para la señal). | C13: UN | E13: 51 | F13: 470351 | G13: =+ROUND(E13*F13,0) -> 23987901 | I13: 95 | J13: 497302 | K13: =+ROUND(I13*J13,0) -> 47243690 | M13: 94 | N13: 513365 | O13: =+ROUND(M13*N13,0) -> 48256310 | Q13: 46 | R13: 528766 | S13: =+ROUND(Q13*R13,0) -> 24323236
A14: 5 | B14: Fabricación, suministro e instalación de Señal Reglamentaria, Preventiva o informativa de 60 cm, material reflectivo Tipo XI , película antigraffiti, en lámina galvanizada C-16, E=1,5 mm, pedestal en tubo galvanizado de sección circular con diámetro interior de 2" y e=2 mm para SR - SP cumpliendo con normatividad vigente. | C14: UN | E14: 193 | F14: 354341 | G14: =+ROUND(E14*F14,0) -> 68387813 | I14: 372 | J14: 374645 | K14: =+ROUND(I14*J14,0) -> 139367940 | M14: 373 | N14: 386746 | O14: =+ROUND(M14*N14,0) -> 144256258 | Q14: 187 | R14: 398348 | S14: =+ROUND(Q14*R14,0) -> 74491076
A15: 6 | B15: Fabricación, suministro e instalación de Señal doble de 60 cm, material reflectivo Tipo XI , película antigraffiti, en lámina galvanizada C-16 E=1,5 mm, pedestal en tubo galvanizado de sección circular con diámetro interior de 2" y e=2 mm para SP/SR-SI/SR cumpliendo con normatividad vigente. | C15: UN | E15: 101 | F15: 560935 | G15: =+ROUND(E15*F15,0) -> 56654435 | I15: 196 | J15: 593077 | K15: =+ROUND(I15*J15,0) -> 116243092 | M15: 196 | N15: 612233 | O15: =+ROUND(M15*N15,0) -> 119997668 | Q15: 97 | R15: 630600 | S15: =+ROUND(Q15*R15,0) -> 61168200
A16: 7 | B16: Fabricación, suministro e instalación de Señal doble SP47 ó SP47A/SR de 60 cm , material reflectivo Tipo Tipo XI amarillo/verde fluorescente, película antigraffiti, en lámina galvanizada C-16 E=1,5 mm, pedestal en tubo galvanizado de sección circular con diámetro interior de 2" y e=2 mm. cumpliendo con normatividad vigente. | C16: UN | E16: 152 | F16: 708464 | G16: =+ROUND(E16*F16,0) -> 107686528 | I16: 292 | J16: 749059 | K16: =+ROUND(I16*J16,0) -> 218725228 | M16: 294 | N16: 773254 | O16: =+ROUND(M16*N16,0) -> 227336676 | Q16: 146 | R16: 796452 | S16: =+ROUND(Q16*R16,0) -> 116281992
A17: 8 | B17: Fabricación de plaquetas, suministro e instalación para señal SR - SP - SI - ST (alto mínimo de 23 cm) material reflectivo Tipo XI, película antigraffiti, en lámina galvanizada C-16 E=1,5 mm, cumpliendo normatividad vigente. | C17: M2 | E17: 100 | F17: 494228 | G17: =+ROUND(E17*F17,0) -> 49422800 | I17: 193 | J17: 522547 | K17: =+ROUND(I17*J17,0) -> 100851571 | M17: 193 | N17: 539425 | O17: =+ROUND(M17*N17,0) -> 104109025 | Q17: 96 | R17: 555608 | S17: =+ROUND(Q17*R17,0) -> 53338368
A18: 9 | B18: Fabricación, suministro e instalación de Señal SP-47 B, material reflectivo Tipo XI amarillo/verde fluorescente, película antigraffiti, en lámina galvanizada C-16 E=1,5 mm, pedestal en tubo galvanizado de sección circular con diámetro interior de 2" y e=2 mm. cumpliendo con normatividad vigente. | C18: UN | E18: 193 | F18: 642960 | G18: =+ROUND(E18*F18,0) -> 124091280 | I18: 372 | J18: 679802 | K18: =+ROUND(I18*J18,0) -> 252886344 | M18: 373 | N18: 701760 | O18: =+ROUND(M18*N18,0) -> 261756480 | Q18: 187 | R18: 722813 | S18: =+ROUND(Q18*R18,0) -> 135166031
A19: 10 | B19: Fabricación, suministro e instalación de Señal Reglamentaria, Preventiva ó informativa de 75 cm, material reflectivo Tipo XI , película antigraffiti, en lámina galvanizada C-16 E=1,5mm, pedestal en tubo galvanizado de sección circular con diámetro interior de 2" y e=2 mm cumpliendo con normatividad vigente. | C19: UN | E19: 62 | F19: 458713 | G19: =+ROUND(E19*F19,0) -> 28440206 | I19: 122 | J19: 484997 | K19: =+ROUND(I19*J19,0) -> 59169634 | M19: 122 | N19: 500662 | O19: =+ROUND(M19*N19,0) -> 61080764 | Q19: 61 | R19: 515682 | S19: =+ROUND(Q19*R19,0) -> 31456602
A20: 11 | B20: Fabricación, suministro e instalación de Señal doble de 75cm, material reflectivo Tipo XI, película antigraffiti, en lámina galvanizada C-16 E=1.5mm, pedestal en tubo galvanizado de sección circular con diámetro interior de 2" y e=2 mm para SP/SR - SI/SR cumpliendo normatividad vigente. | C20: UN | E20: 22 | F20: 796932 | G20: =+ROUND(E20*F20,0) -> 17532504 | I20: 44 | J20: 842596 | K20: =+ROUND(I20*J20,0) -> 37074224 | M20: 46 | N20: 869812 | O20: =+ROUND(M20*N20,0) -> 40011352 | Q20: 22 | R20: 895906 | S20: =+ROUND(Q20*R20,0) -> 19709932
A21: 12 | B21: Fabricación, suministro e instalación de Señal Reglamentaria, Preventiva ó Informativa de 90 cm, material reflectivoTipo XI , película antigraffiti, en lámina galvanizada C-16 E=1,5 mm, pedestal tubo galvanizado de sección circular con diámetro interior de 2" y e=2 mm para SR - SP cumpliendo normatividad vigente. | C21: UN | E21: 2 | F21: 586211 | G21: =+ROUND(E21*F21,0) -> 1172422 | I21: 4 | J21: 619801 | K21: =+ROUND(I21*J21,0) -> 2479204 | M21: 4 | N21: 639821 | O21: =+ROUND(M21*N21,0) -> 2559284 | Q21: 2 | R21: 659016 | S21: =+ROUND(Q21*R21,0) -> 1318032
... A138: 129 | B138: Suministro e instalación de tableros y/o lamas en lamina galvanizada C-20, papel retroflectivo tipo XI; fondos, textos, flechas, pictogramas y orlas en impresión digital. Incluye papel antigrafitti, tornilleria, perfiles para marcos y abrazaderas. | C138: M2 | E138: 9 | F138: 730520 | G138: =+ROUND(E138*F138,0) -> 6574680 | I138: 52 | J138: 772379 | K138: =+ROUND(I138*J138,0) -> 40163708 | M138: 52 | N138: 797327 | O138: =+ROUND(M138*N138,0) -> 41461004 | Q138: 28 | R138: 821247 | S138: =+ROUND(Q138*R138,0) -> 22994916
A139: TOTAL ITEMS OBRA POR VIGENCIA PARA UN (1) LOTE | E139: D = SUBTOTAL OBRA | G139: =SUM(G10:G138) -> 2784761742 | I139: D = SUBTOTAL OBRA | K139: =SUM(K10:K138) -> 6146071813 | M139: D = SUBTOTAL OBRA | O139: =SUM(O10:O138) -> 6358430847 | Q139: D = SUBTOTAL OBRA | S139: =SUM(S10:S138) -> 3288859142
A141: NOTA ACLARATORIA: LAS CANTIDADES DE OBRA POR EJECUTAR SON APROXIMADAS Y ESTAN CALCULADAS CON BASE A PROYECCIONES DE SEÑALIZACION INSTALADA, POR LO TANTO PODRÁN AUMENTAR, O DISMINUIR DURANTE LA EJECUCIÓN DEL PROYECTO, TALES VARIACIONES NO VICIARÁN NI INVALIDARÁN EL CONTRATO PRODUCTO DE ESTA LICITACIÓN PÚBLICA. EL CONTRATISTA SE OBLIGA A EJECUTAR LAS MAYORES O MENORES CANTIDADES DE OBRA QUE RESULTAREN A LOS MISMOS PRECIOS DE LA PROPUESTA. ADICIONALMENTE, EL VALOR UNITARIO DE CADA ITEM OFERTADO POR EL PROPONENTE DEBE SER IGUAL O INFERIOR AL PRESUPUESTO OFICIAL POR ITEM ESTABLECIDO POR LA SECRETARIA DE MOVILIDAD PARA EL PRESENTE PROCESO
A143: NOTA 1: Se debe tener en cuenta que el PRECIO UNITARIO incluye el valor de A.I.U. | M143: DESCRIPCION | Q143: PORCENTAJE
A144: NOTA 2: Cuando la fracción decimal del peso sea igual o superior a 5 se aproximará por exceso al número entero siguiente del peso y cuando la fracción decimal del peso sea inferior a 5 se aproximará por defecto al número entero del peso. | M144: ADMINISTRACIÓN | O144: A= | Q144: 0.2613
A145: NOTA 3: El A.I.U y su discriminación deben estar en porcentaje (%). | M145: IMPREVISTO | O145: I= | Q145: 0.02
M146: UTILIDAD | O146: U= | Q146: 0.04
M147: TOTAL A.I.U | O147: A.I.U.= | Q147: =Q144+Q145+Q146 -> 0.3213
E149: =SUM(E10:E138) -> 82951.36

Sheet P.O. SUMINISTRO POR VIGENCIA
A3: Formulario 1 - Propuesta económica - Documento tipo de licitación de obra pública de infraestructura de transporte - versión 3
A4: Código CCE-EICP-FM-14
A5: Versión 3
A6: FORMULARIO 1
A7: PRESUPUESTO OFICIAL PARTE 2. ITEMS DE SUMINISTRO
A8: ITEM | B8: DESCRIPCIÓN | C8: UNIDAD | E8: 2024 | I8: 2025 | M8: 2026 | Q8: 2027
E9: CANTIDAD | F9: COSTO DIRECTO | G9: SUBTOTAL | I9: CANTIDAD | J9: COSTO DIRECTO | K9: SUBTOTAL | M9: CANTIDAD | N9: COSTO DIRECTO | O9: SUBTOTAL | Q9: CANTIDAD | R9: COSTO DIRECTO | S9: SUBTOTAL
A10: 1S | B10: Suministro de cono vial construido en material sintetico flexible con tres bandas de 10 cm en papel reflectivo blanco tipo IV o superior, altura 90 cm. | C10: UND | E10: 72 | F10: 92865 | G10: =+ROUND(E10*F10,0) -> 6686280 | I10: 143 | J10: 98186 | K10: =+ROUND(I10*J10,0) -> 14040598 | M10: 143 | N10: 101357 | O10: =+ROUND(M10*N10,0) -> 14494051 | Q10: 71 | R10: 104398 | S10: =+ROUND(Q10*R10,0) -> 7412258
A11: 2S | B11: Suministro de maletín plástico de base mínima de 50 cm por 200 cm y altura mínima de 100 cm, con material reflectivo tipo IV o superior color blanco. | C11: UND | E11: 36 | F11: 415932 | G11: =+ROUND(E11*F11,0) -> 14973552 | I11: 72 | J11: 439765 | K11: =+ROUND(I11*J11,0) -> 31663080 | M11: 72 | N11: 453969 | O11: =+ROUND(M11*N11,0) -> 32685768 | Q11: 36 | R11: 467588 | S11: =+ROUND(Q11*R11,0) -> 16833168
A12: 3S | B12: Suministro de delineador Tubular Tipo Canalizador de 129 cm de altura. | C12: UND | E12: 22 | F12: 46174 | G12: =+ROUND(E12*F12,0) -> 1015828 | I12: 43 | J12: 48820 | K12: =+ROUND(I12*J12,0) -> 2099260 | M12: 43 | N12: 50397 | O12: =+ROUND(M12*N12,0) -> 2167071 | Q12: 21 | R12: 51909 | S12: =+ROUND(Q12*R12,0) -> 1090089
A13: 4S | B13: Suministro de Resalto portátil de caucho con alta resistencia al impacto con ancho mínimo de 30 cm y altura entre 5 y 8 cm. | C13: ML | E13: 4 | F13: 215409 | G13: =+ROUND(E13*F13,0) -> 861636 | I13: 7 | J13: 227752 | K13: =+ROUND(I13*J13,0) -> 1594264 | M13: 7 | N13: 235108 | O13: =+ROUND(M13*N13,0) -> 1645756 | Q13: 3 | R13: 242161 | S13: =+ROUND(Q13*R13,0) -> 726483
A14: 5S | B14: Suministro de Cinta de señalización, de calibre mínimo 2 mm de 10 cm de ancho por 500m de longitud por rollo. | C14: ROLLO | E14: 11 | F14: 36939 | G14: =+ROUND(E14*F14,0) -> 406329 | I14: 22 | J14: 39056 | K14: =+ROUND(I14*J14,0) -> 859232 | M14: 22 | N14: 40318 | O14: =+ROUND(M14*N14,0) -> 886996 | Q14: 11 | R14: 41528 | S14: =+ROUND(Q14*R14,0) -> 456808
A15: 6S | B15: Barricada, ancho 2,4 m, 3 listones de 20 cm de ancho en material reflectivo tipo iv o superior (blanco y naranja), altura min 1,5m, figura 7-14 resolución 20243040045005 del 17/09/2024. | C15: UND | E15: 1 | F15: 453617 | G15: =+ROUND(E15*F15,0) -> 453617 | I15: 1 | J15: 479609 | K15: =+ROUND(I15*J15,0) -> 479609 | M15: 1 | N15: 495100 | O15: =+ROUND(M15*N15,0) -> 495100 | Q15: 1 | R15: 509953 | S15: =+ROUND(Q15*R15,0) -> 509953
A16: 7S | B16: Señal pare/siga en papel retroreflectivo tipo IV o superior (30 cm) | C16: UND | E16: 15 | F16: 47680 | G16: =+ROUND(E16*F16,0) -> 715200 | I16: 29 | J16: 50412 | K16: =+ROUND(I16*J16,0) -> 1461948 | M16: 29 | N16: 52040 | O16: =+ROUND(M16*N16,0) -> 1509160 | Q16: 14 | R16: 53601 | S16: =+ROUND(Q16*R16,0) -> 750414
A17: 8S | B17: Valla de apertura tipo A | C17: UND | E17: 2 | F17: 524380 | G17: =+ROUND(E17*F17,0) -> 1048760 | I17: 3 | J17: 554427 | K17: =+ROUND(I17*J17,0) -> 1663281 | M17: 3 | N17: 572335 | O17: =+ROUND(M17*N17,0) -> 1717005 | Q17: 1 | R17: 589505 | S17: =+ROUND(Q17*R17,0) -> 589505
A18: 9S | B18: Dispositivos luminosos tipo flasher para cono | C18: UND | E18: 15 | F18: 41730 | G18: =+ROUND(E18*F18,0) -> 625950 | I18: 29 | J18: 44121 | K18: =+ROUND(I18*J18,0) -> 1279509 | M18: 29 | N18: 45546 | O18: =+ROUND(M18*N18,0) -> 1320834 | Q18: 14 | R18: 46912 | S18: =+ROUND(Q18*R18,0) -> 656768
A19: 10S | B19: Bastón luminoso Bicolor | C19: UND | E19: 15 | F19: 132379 | G19: =+ROUND(E19*F19,0) -> 1985685 | I19: 29 | J19: 139964 | K19: =+ROUND(I19*J19,0) -> 4058956 | M19: 29 | N19: 144485 | O19: =+ROUND(M19*N19,0) -> 4190065 | Q19: 14 | R19: 148820 | S19: =+ROUND(Q19*R19,0) -> 2083480
A20: 11S | B20: Señales temporales SR- SP con apoyo trípode | C20: UND | E20: 1 | F20: 334689 | G20: =+ROUND(E20*F20,0) -> 334689 | I20: 1 | J20: 353867 | K20: =+ROUND(I20*J20,0) -> 353867 | M20: 1 | N20: 365297 | O20: =+ROUND(M20*N20,0) -> 365297 | Q20: 1 | R20: 376256 | S20: =+ROUND(Q20*R20,0) -> 376256
A21: 12S | B21: Dispositivos luminosos tipo flasher para valla puesto de control | C21: UND | E21: 2 | F21: 50347 | G21: =+ROUND(E21*F21,0) -> 100694 | I21: 3 | J21: 53232 | K21: =+ROUND(I21*J21,0) -> 159696 | M21: 3 | N21: 54951 | O21: =+ROUND(M21*N21,0) -> 164853 | Q21: 1 | R21: 56600 | S21: =+ROUND(Q21*R21,0) -> 56600
... A23: 14S | B23: Suministro de banner 1,20 m x 1,20 m con impresión digital full color, en lona vinílica (aplicación y el uso de la marca ciudad) con ojales | C23: UND | E23: 4 | F23: 137805 | G23: =+ROUND(E23*F23,0) -> 551220 | I23: 8 | J23: 145701 | K23: =+ROUND(I23*J23,0) -> 1165608 | M23: 8 | N23: 150407 | O23: =+ROUND(M23*N23,0) -> 1203256 | Q23: 4 | R23: 154919 | S23: =+ROUND(Q23*R23,0) -> 619676
A24: TOTAL ITEMS SUMINISTRO POR VIGENCIA PARA UN (1) LOTE | E24: E = SUBTOTAL SUMINISTROS (INCLUYE IVA) | G24: =SUM(G10:G23) -> 30959258 | I24: E = SUBTOTAL SUMINISTROS (INCLUYE IVA) | K24: =SUM(K10:K23) -> 63416044 | M24: E = SUBTOTAL SUMINISTROS (INCLUYE IVA) | O24: =SUM(O10:O23) -> 65464296 | Q24: E = SUBTOTAL SUMINISTROS (INCLUYE IVA) | S24: =SUM(S10:S23) -> 33510286
A26: PRESUPUESTO OFICIAL (OBRA + SUMINISTRO) POR VIGENCIA - PARA UN (1) LOTE: | E26: F = TOTAL OBRA + SUMINISTROS (F= D + E) | G26: ='P.O. OBRA POR VIGENCIA'!G139+'P.O. SUMINISTRO POR VIGENCIA'!G24 -> 2815721000 | I26: F = TOTAL OBRA + SUMINISTROS (F= D + E) | K26: ='P.O. OBRA POR VIGENCIA'!K139+'P.O. SUMINISTRO POR VIGENCIA'!K24 -> 6209487857 | M26: F = TOTAL OBRA + SUMINISTROS (F= D + E) | O26: ='P.O. OBRA POR VIGENCIA'!O139+'P.O. SUMINISTRO POR VIGENCIA'!O24 -> 6423895143 | Q26: F = TOTAL OBRA + SUMINISTROS (F= D + E) | S26: ='P.O. OBRA POR VIGENCIA'!S139+'P.O. SUMINISTRO POR VIGENCIA'!S24 -> 3322369428
A28: PRESUPUESTO OFICIAL (OBRA + SUMINISTRO) PARA UN (1) LOTE: | M28: =G26+K26+O26+S26 -> 18771473428
A30: PRESUPUESTO OFICIAL (OBRA + SUMINISTRO) POR VIGENCIA - PARA SIETE (7) LOTES: | E30: =+G26*7 -> 19710047000 | I30: =+K26*7 -> 43466414999 | M30: =+O26*7 -> 44967266001 | Q30: =+S26*7 -> 23256585996
A32: PRESUPUESTO OFICIAL (OBRA + SUMINISTRO)PARA SIETE (7) LOTES: | M32: =E30+I30+M30+Q30 -> 131400313996
A35: NOTA 1: Se debe tener en cuenta que el PRECIO UNITARIO incluye el valor del IVA
A36: NOTA 2: Cuando la fracción decimal del peso sea igual o superior a 5 se aproximará por exceso al número entero siguiente del peso y cuando la fracción decimal del peso sea inferior a 5 se aproximará por defecto al número entero del peso.
A37: NOTA 3: El IVA y su discriminación deben estar en porcentaje (%).
A38: TOTAL IVA | G38: 0.19

Sheet OFERTA ECONOMICA P-1 OBRA
B3: Formulario 1 - Propuesta económica - Documento tipo de licitación de obra pública de infraestructura de transporte - versión 3
B4: Código CCE-EICP-FM-14
B5: Versión 3
A6: FORMULARIO 1 | M6: PARA EL LOTE No.
A7: PROPUESTA ECONOMICA PARTE 1. ITEMS DE OBRA
A9: ITEM | B9: DESCRIPCIÓN | C9: UNIDAD | E9: 2024 | I9: 2025 | M9: 2026 | Q9: 2027
E10: CANTIDAD | F10: PRECIO UNITARIO INCLUYE AIU | G10: SUBTOTAL | I10: CANTIDAD | J10: PRECIO UNITARIO INCLUYE AIU | K10: SUBTOTAL | M10: CANTIDAD | N10: PRECIO UNITARIO INCLUYE AIU | O10: SUBTOTAL | Q10: CANTIDAD | R10: PRECIO UNITARIO INCLUYE AIU | S10: SUBTOTAL
A11: 1 | B11: Fabricación y suministro de tableros en lámina galvanizada C-16 E=1,5 mm, material reflectivo Tipo XI , película antigraffiti, para señales SP-SR-SI cumpliendo normatividad vigente. (Incluye elementos de fijación) | C11: M2 | E11: 46 | G11: =+ROUND(E11*F11,0) -> 0 | I11: 90 | K11: =+ROUND(I11*J11,2) -> 0 | M11: 90 | O11: =+ROUND(M11*N11,2) -> 0 | Q11: 45 | S11: =+ROUND(Q11*R11,2) -> 0 | V11: =B11 -> Fabricación y suministro de tableros en lámina galvanizada C-16 E=1,5 mm, material reflectivo Tipo XI , película antigraffiti, para señales SP-SR-SI cumpliendo normatividad vigente. (Incluye elementos de fijación)
A12: 2 | B12: Fabricación y suministro de pedestal sencillo en tubo galvanizado de sección circular con diametro interior de 2" y e=2mm para señales SP-SR-SI (para tableros iguales a 60 cm) cumpliendo normatividad vigente. | C12: UN | E12: 28 | G12: =+ROUND(E12*F12,0) -> 0 | I12: 54 | K12: =+ROUND(I12*J12,2) -> 0 | M12: 54 | O12: =+ROUND(M12*N12,2) -> 0 | Q12: 27 | S12: =+ROUND(Q12*R12,2) -> 0 | V12: =B12 -> Fabricación y suministro de pedestal sencillo en tubo galvanizado de sección circular con diametro interior de 2" y e=2mm para señales SP-SR-SI (para tableros iguales a 60 cm) cumpliendo normatividad vigente.
A13: 3 | B13: Fabricación y suministro de pedestal doble en tubo galvanizado de sección circular con diametro interior de 2" y e=2mm para señales tipo dúplex SR/SP - SR/SR - SR/Plaqueta - SP/SP - SP/Plaqueta (para tableros iguales a 60 cm) cumpliendo normatividad vigente. | C13: UN | E13: 121 | G13: =+ROUND(E13*F13,0) -> 0 | I13: 235 | K13: =+ROUND(I13*J13,2) -> 0 | M13: 236 | O13: =+ROUND(M13*N13,2) -> 0 | Q13: 117 | S13: =+ROUND(Q13*R13,2) -> 0 | V13: =B13 -> Fabricación y suministro de pedestal doble en tubo galvanizado de sección circular con diametro interior de 2" y e=2mm para señales tipo dúplex SR/SP - SR/SR - SR/Plaqueta - SP/SP - SP/Plaqueta (para tableros iguales a 60 cm) cumpliendo normatividad vigente.
A14: 4 | B14: Fabricación, suministro e instalación de señal preventiva, reglamentaría ó informativa de 60 cm, lámina galvanizada C-16 E=1,5mm y material reflectivo Tipo XI, película antigraffiti, poste de tubo galvanizado de sección circular con diámetro interior de 2" y e=2 mm con brazo variable desde 70cm hasta 120 cm, cumpliendo normatividad vigente. (Incluye la cimentación del soporte para la señal). | C14: UN | E14: 51 | G14: =+ROUND(E14*F14,0) -> 0 | I14: 95 | K14: =+ROUND(I14*J14,2) -> 0 | M14: 94 | O14: =+ROUND(M14*N14,2) -> 0 | Q14: 46 | S14: =+ROUND(Q14*R14,2) -> 0 | V14: =B14 -> Fabricación, suministro e instalación de señal preventiva, reglamentaría ó informativa de 60 cm, lámina galvanizada C-16 E=1,5mm y material reflectivo Tipo XI, película antigraffiti, poste de tubo galvanizado de sección circular con diámetro interior de 2" y e=2 mm con brazo variable desde 70cm hasta 120 cm, cumpliendo normatividad vigente. (Incluye la cimentación del soporte para la señal).
A15: 5 | B15: Fabricación, suministro e instalación de Señal Reglamentaria, Preventiva o informativa de 60 cm, material reflectivo Tipo XI , película antigraffiti, en lámina galvanizada C-16, E=1,5 mm, pedestal en tubo galvanizado de sección circular con diámetro interior de 2" y e=2 mm para SR - SP cumpliendo con normatividad vigente. | C15: UN | E15: 193 | G15: =+ROUND(E15*F15,0) -> 0 | I15: 372 | K15: =+ROUND(I15*J15,2) -> 0 | M15: 373 | O15: =+ROUND(M15*N15,2) -> 0 | Q15: 187 | S15: =+ROUND(Q15*R15,2) -> 0 | V15: =B15 -> Fabricación, suministro e instalación de Señal Reglamentaria, Preventiva o informativa de 60 cm, material reflectivo Tipo XI , película antigraffiti, en lámina galvanizada C-16, E=1,5 mm, pedestal en tubo galvanizado de sección circular con diámetro interior de 2" y e=2 mm para SR - SP cumpliendo con normatividad vigente.
A16: 6 | B16: Fabricación, suministro e instalación de Señal doble de 60 cm, material reflectivo Tipo XI , película antigraffiti, en lámina galvanizada C-16 E=1,5 mm, pedestal en tubo galvanizado de sección circular con diámetro interior de 2" y e=2 mm para SP/SR-SI/SR cumpliendo con normatividad vigente. | C16: UN | E16: 101 | G16: =+ROUND(E16*F16,0) -> 0 | I16: 196 | K16: =+ROUND(I16*J16,2) -> 0 | M16: 196 | O16: =+ROUND(M16*N16,2) -> 0 | Q16: 97 | S16: =+ROUND(Q16*R16,2) -> 0 | V16: =B16 -> Fabricación, suministro e instalación de Señal doble de 60 cm, material reflectivo Tipo XI , película antigraffiti, en lámina galvanizada C-16 E=1,5 mm, pedestal en tubo galvanizado de sección circular con diámetro interior de 2" y e=2 mm para SP/SR-SI/SR cumpliendo con normatividad vigente.
A17: 7 | B17: Fabricación, suministro e instalación de Señal doble SP47 ó SP47A/SR de 60 cm , material reflectivo Tipo Tipo XI amarillo/verde fluorescente, película antigraffiti, en lámina galvanizada C-16 E=1,5 mm, pedestal en tubo galvanizado de sección circular con diámetro interior de 2" y e=2 mm. cumpliendo con normatividad vigente. | C17: UN | E17: 152 | G17: =+ROUND(E17*F17,0) -> 0 | I17: 292 | K17: =+ROUND(I17*J17,2) -> 0 | M17: 294 | O17: =+ROUND(M17*N17,2) -> 0 | Q17: 146 | S17: =+ROUND(Q17*R17,2) -> 0 | V17: =B17 -> Fabricación, suministro e instalación de Señal doble SP47 ó SP47A/SR de 60 cm , material reflectivo Tipo Tipo XI amarillo/verde fluorescente, película antigraffiti, en lámina galvanizada C-16 E=1,5 mm, pedestal en tubo galvanizado de sección circular con diámetro interior de 2" y e=2 mm. cumpliendo con normatividad vigente.
A18: 8 | B18: Fabricación de plaquetas, suministro e instalación para señal SR - SP - SI - ST (alto mínimo de 23 cm) material reflectivo Tipo XI, película antigraffiti, en lámina galvanizada C-16 E=1,5 mm, cumpliendo normatividad vigente. | C18: M2 | E18: 100 | G18: =+ROUND(E18*F18,0) -> 0 | I18: 193 | K18: =+ROUND(I18*J18,2) -> 0 | M18: 193 | O18: =+ROUND(M18*N18,2) -> 0 | Q18: 96 | S18: =+ROUND(Q18*R18,2) -> 0 | V18: =B18 -> Fabricación de plaquetas, suministro e instalación para señal SR - SP - SI - ST (alto mínimo de 23 cm) material reflectivo Tipo XI, película antigraffiti, en lámina galvanizada C-16 E=1,5 mm, cumpliendo normatividad vigente.
A19: 9 | B19: Fabricación, suministro e instalación de Señal SP-47 B, material reflectivo Tipo XI amarillo/verde fluorescente, película antigraffiti, en lámina galvanizada C-16 E=1,5 mm, pedestal de sección circular con diámetro interior de 2" y e=2 mm. cumpliendo con normatividad vigente. | C19: UN | E19: 193 | G19: =+ROUND(E19*F19,0) -> 0 | I19: 372 | K19: =+ROUND(I19*J19,2) -> 0 | M19: 373 | O19: =+ROUND(M19*N19,2) -> 0 | Q19: 187 | S19: =+ROUND(Q19*R19,2) -> 0 | V19: =B19 -> Fabricación, suministro e instalación de Señal SP-47 B, material reflectivo Tipo XI amarillo/verde fluorescente, película antigraffiti, en lámina galvanizada C-16 E=1,5 mm, pedestal de sección circular con diámetro interior de 2" y e=2 mm. cumpliendo con normatividad vigente.
A20: 10 | B20: Fabricación, suministro e instalación de Señal Reglamentaria, Preventiva ó informativa de 75 cm, material reflectivo Tipo XI , película antigraffiti, en lámina galvanizada C-16 E=1,5mm, pedestal en tubo galvanizado de sección circular con diámetro interior de 2" y e=2 mm cumpliendo con normatividad vigente. | C20: UN | E20: 62 | G20: =+ROUND(E20*F20,0) -> 0 | I20: 122 | K20: =+ROUND(I20*J20,2) -> 0 | M20: 122 | O20: =+ROUND(M20*N20,2) -> 0 | Q20: 61 | S20: =+ROUND(Q20*R20,2) -> 0 | V20: =B20 -> Fabricación, suministro e instalación de Señal Reglamentaria, Preventiva ó informativa de 75 cm, material reflectivo Tipo XI , película antigraffiti, en lámina galvanizada C-16 E=1,5mm, pedestal en tubo galvanizado de sección circular con diámetro interior de 2" y e=2 mm cumpliendo con normatividad vigente.
A21: 11 | B21: Fabricación, suministro e instalación de Señal doble de 75cm, material reflectivo Tipo XI, película antigraffiti, en lámina galvanizada C-16 E=1.5mm, pedestal en tubo galvanizado de sección circular con diámetro interior de 2" y e=2 mm para SP/SR - SI/SR cumpliendo normatividad vigente. | C21: UN | E21: 22 | G21: =+ROUND(E21*F21,0) -> 0 | I21: 44 | K21: =+ROUND(I21*J21,2) -> 0 | M21: 46 | O21: =+ROUND(M21*N21,2) -> 0 | Q21: 22 | S21: =+ROUND(Q21*R21,2) -> 0 | V21: =B21 -> Fabricación, suministro e instalación de Señal doble de 75cm, material reflectivo Tipo XI, película antigraffiti, en lámina galvanizada C-16 E=1.5mm, pedestal en tubo galvanizado de sección circular con diámetro interior de 2" y e=2 mm para SP/SR - SI/SR cumpliendo normatividad vigente.
A22: 12 | B22: Fabricación, suministro e instalación de Señal Reglamentaria, Preventiva ó Informativa de 90 cm, material reflectivoTipo XI , película antigraffiti, en lámina galvanizada C-16 E=1,5 mm, pedestal en tubo gavanizado de 2" SR - SP cumpliendo normatividad vigente. | C22: UN | E22: 2 | G22: =+ROUND(E22*F22,0) -> 0 | I22: 4 | K22: =+ROUND(I22*J22,2) -> 0 | M22: 4 | O22: =+ROUND(M22*N22,2) -> 0 | Q22: 2 | S22: =+ROUND(Q22*R22,2) -> 0 | V22: =B22 -> Fabricación, suministro e instalación de Señal Reglamentaria, Preventiva ó Informativa de 90 cm, material reflectivoTipo XI , película antigraffiti, en lámina galvanizada C-16 E=1,5 mm, pedestal en tubo gavanizado de 2" SR - SP cumpliendo normatividad vigente.
... A139: 129 | B139: Suministro e instalación de tableros y/o lamas en lamina galvanizada C-20, papel retroflectivo tipo XI; fondos, textos, flechas, pictogramas y orlas en impresión digital. Incluye papel antigrafitti, tornilleria, perfiles para marcos y abrazaderas. | C139: M2 | E139: 9 | G139: =+ROUND(E139*F139,0) -> 0 | I139: 52 | K139: =+ROUND(I139*J139,2) -> 0 | M139: 52 | O139: =+ROUND(M139*N139,2) -> 0 | Q139: 28 | S139: =+ROUND(Q139*R139,2) -> 0 | V139: =B139 -> Suministro e instalación de tableros y/o lamas en lamina galvanizada C-20, papel retroflectivo tipo XI; fondos, textos, flechas, pictogramas y orlas en impresión digital. Incluye papel antigrafitti, tornilleria, perfiles para marcos y abrazaderas.
A140: TOTAL ITEMS OBRA POR VIGENCIA PARA UN (1) LOTE | E140: D = SUBTOTAL OBRA | G140: =SUM(G11:G139) -> 0 | I140: D = SUBTOTAL OBRA | K140: =SUM(K11:K139) -> 0 | M140: D = SUBTOTAL OBRA | O140: =SUM(O11:O139) -> 0 | Q140: D = SUBTOTAL OBRA | S140: =SUM(S11:S139) -> 0
A142: NOTA ACLARATORIA: LAS CANTIDADES DE OBRA POR EJECUTAR SON APROXIMADAS Y ESTAN CALCULADAS CON BASE A PROYECCIONES DE SEÑALIZACION INSTALADA, POR LO TANTO PODRÁN AUMENTAR, O DISMINUIR DURANTE LA EJECUCIÓN DEL PROYECTO, TALES VARIACIONES NO VICIARÁN NI INVALIDARÁN EL CONTRATO PRODUCTO DE ESTA LICITACIÓN PÚBLICA. EL CONTRATISTA SE OBLIGA A EJECUTAR LAS MAYORES O MENORES CANTIDADES DE OBRA QUE RESULTAREN A LOS MISMOS PRECIOS DE LA PROPUESTA. ADICIONALMENTE, EL VALOR UNITARIO DE CADA ITEM OFERTADO POR EL PROPONENTE DEBE SER IGUAL O INFERIOR AL PRESUPUESTO OFICIAL POR ITEM ESTABLECIDO POR LA SECRETARIA DE MOVILIDAD PARA EL PRESENTE PROCESO
A144: NOTA 1: Se debe tener en cuenta que el PRECIO UNITARIO incluye el valor de A.I.U. | M144: DESCRIPCION | Q144: PORCENTAJE
A145: NOTA 2: Cuando la fracción decimal del peso sea igual o superior a 5 se aproximará por exceso al número entero siguiente del peso y cuando la fracción decimal del peso sea inferior a 5 se aproximará por defecto al número entero del peso. | M145: ADMINISTRACIÓN | O145: A=
A146: NOTA 3: El A.I.U y su discriminación deben estar en porcentaje (%). | M146: IMPREVISTO | O146: I=
M147: UTILIDAD | O147: U=
M148: TOTAL A.I.U | O148: A.I.U.=

Sheet OF ECONOMICA P-2 SUM Y TOTAL 
A3: Formulario 1 - Propuesta económica - Documento tipo de licitación de obra pública de infraestructura de transporte - versión 3
A4: Código CCE-EICP-FM-14
A5: Versión 3
A6: FORMULARIO 1 | M6: PARA EL LOTE No.
A7: PROPUESTA ECONOMICA PARTE 2. ITEMS DE SUMINISTRO Y PROPUESTA ECONOMICA TOTALIZADA
A9: ITEM | B9: DESCRIPCIÓN | C9: UNIDAD | E9: 2024 | I9: 2025 | M9: 2026 | Q9: 2027
E10: CANTIDAD | F10: COSTO DIRECTO | G10: SUBTOTAL | I10: CANTIDAD | J10: COSTO DIRECTO | K10: SUBTOTAL | M10: CANTIDAD | N10: COSTO DIRECTO | O10: SUBTOTAL | Q10: CANTIDAD | R10: COSTO DIRECTO | S10: SUBTOTAL
A11: 1S | B11: Suministro de cono vial construido en material sintetico flexible con tres bandas de 10 cm en papel reflectivo blanco tipo IV o superior, altura 90 cm. | C11: UND | E11: 72 | G11: =+ROUND(E11*F11,2) -> 0 | I11: 143 | K11: =+ROUND(I11*J11,2) -> 0 | M11: 143 | O11: =+ROUND(M11*N11,2) -> 0 | Q11: 71 | S11: =+ROUND(Q11*R11,2) -> 0
A12: 2S | B12: Suministro de maletín plástico de base mínima de 50 cm por 200 cm y altura mínima de 100 cm, con material reflectivo tipo IV o superior color blanco. | C12: UND | E12: 36 | G12: =+ROUND(E12*F12,2) -> 0 | I12: 72 | K12: =+ROUND(I12*J12,2) -> 0 | M12: 72 | O12: =+ROUND(M12*N12,2) -> 0 | Q12: 36 | S12: =+ROUND(Q12*R12,2) -> 0
A13: 3S | B13: Suministro de delineador Tubular Tipo Canalizador de 129 cm de altura. | C13: UND | E13: 22 | G13: =+ROUND(E13*F13,2) -> 0 | I13: 43 | K13: =+ROUND(I13*J13,2) -> 0 | M13: 43 | O13: =+ROUND(M13*N13,2) -> 0 | Q13: 21 | S13: =+ROUND(Q13*R13,2) -> 0
A14: 4S | B14: Suministro de Resalto portátil de caucho con alta resistencia al impacto con ancho mínimo de 30 cm y altura entre 5 y 8 cm. | C14: ML | E14: 4 | G14: =+ROUND(E14*F14,2) -> 0 | I14: 7 | K14: =+ROUND(I14*J14,2) -> 0 | M14: 7 | O14: =+ROUND(M14*N14,2) -> 0 | Q14: 3 | S14: =+ROUND(Q14*R14,2) -> 0
A15: 5S | B15: Suministro de Cinta de señalización, de calibre mínimo 2 mm de 10 cm de ancho por 500m de longitud por rollo. | C15: ROLLO | E15: 11 | G15: =+ROUND(E15*F15,2) -> 0 | I15: 22 | K15: =+ROUND(I15*J15,2) -> 0 | M15: 22 | O15: =+ROUND(M15*N15,2) -> 0 | Q15: 11 | S15: =+ROUND(Q15*R15,2) -> 0
A16: 6S | B16: Barricada, ancho 2,4 m, 3 listones de 20 cm de ancho en material reflectivo tipo iv o superior (blanco y naranja), altura min 1,5m, figura 7-14 resolución 20243040045005 del 17/09/2024. | C16: UND | E16: 1 | G16: =+ROUND(E16*F16,2) -> 0 | I16: 1 | K16: =+ROUND(I16*J16,2) -> 0 | M16: 1 | O16: =+ROUND(M16*N16,2) -> 0 | Q16: 1 | S16: =+ROUND(Q16*R16,2) -> 0
A17: 7S | B17: Señal pare/siga en papel retroreflectivo tipo IV o superior (30 cm) | C17: UND | E17: 15 | G17: =+ROUND(E17*F17,2) -> 0 | I17: 29 | K17: =+ROUND(I17*J17,2) -> 0 | M17: 29 | O17: =+ROUND(M17*N17,2) -> 0 | Q17: 14 | S17: =+ROUND(Q17*R17,2) -> 0
A18: 8S | B18: Valla de apertura tipo A | C18: UND | E18: 2 | G18: =+ROUND(E18*F18,2) -> 0 | I18: 3 | K18: =+ROUND(I18*J18,2) -> 0 | M18: 3 | O18: =+ROUND(M18*N18,2) -> 0 | Q18: 1 | S18: =+ROUND(Q18*R18,2) -> 0
A19: 9S | B19: Dispositivos luminosos tipo flasher para cono | C19: UND | E19: 15 | G19: =+ROUND(E19*F19,2) -> 0 | I19: 29 | K19: =+ROUND(I19*J19,2) -> 0 | M19: 29 | O19: =+ROUND(M19*N19,2) -> 0 | Q19: 14 | S19: =+ROUND(Q19*R19,2) -> 0
A20: 10S | B20: Bastón luminoso Bicolor | C20: UND | E20: 15 | G20: =+ROUND(E20*F20,2) -> 0 | I20: 29 | K20: =+ROUND(I20*J20,2) -> 0 | M20: 29 | O20: =+ROUND(M20*N20,2) -> 0 | Q20: 14 | S20: =+ROUND(Q20*R20,2) -> 0
A21: 11S | B21: Señales temporales SR- SP con apoyo trípode | C21: UND | E21: 1 | G21: =+ROUND(E21*F21,2) -> 0 | I21: 1 | K21: =+ROUND(I21*J21,2) -> 0 | M21: 1 | O21: =+ROUND(M21*N21,2) -> 0 | Q21: 1 | S21: =+ROUND(Q21*R21,2) -> 0
A22: 12S | B22: Dispositivos luminosos tipo flasher para valla puesto de control | C22: UND | E22: 2 | G22: =+ROUND(E22*F22,2) -> 0 | I22: 3 | K22: =+ROUND(I22*J22,2) -> 0 | M22: 3 | O22: =+ROUND(M22*N22,2) -> 0 | Q22: 1 | S22: =+ROUND(Q22*R22,2) -> 0
... A24: 14S | B24: Suministro de banner 1,20 m x 1,20 m con impresión digital full color, en lona vinílica (aplicación y el uso de la marca ciudad) con ojales | C24: UND | E24: 4 | G24: =+ROUND(E24*F24,2) -> 0 | I24: 8 | K24: =+ROUND(I24*J24,2) -> 0 | M24: 8 | O24: =+ROUND(M24*N24,2) -> 0 | Q24: 4 | S24: =+ROUND(Q24*R24,2) -> 0
N25: =ROUND(J25*1.0323,0) -> 0
N26: =ROUND(J26*1.0323,0) -> 0
N27: =ROUND(J27*1.0323,0) -> 0
A28: TOTAL ITEMS SUMINISTRO POR VIGENCIA PARA UN (1) LOTE | E28: E = SUBTOTAL SUMINISTROS (INCLUYE IVA) | G28: =SUM(G11:G27) -> 0 | I28: E = SUBTOTAL SUMINISTROS (INCLUYE IVA) | K28: =SUM(K11:K27) -> 0 | M28: E = SUBTOTAL SUMINISTROS (INCLUYE IVA) | O28: =SUM(O11:O27) -> 0 | Q28: E = SUBTOTAL SUMINISTROS (INCLUYE IVA) | S28: =SUM(S11:S27) -> 0
A30: PRESUPUESTO OFICIAL (OBRA + SUMINISTRO) POR VIGENCIA - PARA UN (1) LOTE: | E30: F = TOTAL OBRA + SUMINISTROS (F= D + E) | G30: ='OFERTA ECONOMICA P-1 OBRA'!G140+'OF ECONOMICA P-2 SUM Y TOTAL '!G28 -> 0 | I30: F = TOTAL OBRA + SUMINISTROS (F= D + E) | K30: ='OFERTA ECONOMICA P-1 OBRA'!K140+'OF ECONOMICA P-2 SUM Y TOTAL '!K28 -> 0 | M30: F = TOTAL OBRA + SUMINISTROS (F= D + E) | O30: ='OFERTA ECONOMICA P-1 OBRA'!O140+'OF ECONOMICA P-2 SUM Y TOTAL '!O28 -> 0 | Q30: F = TOTAL OBRA + SUMINISTROS (F= D + E) | S30: ='OFERTA ECONOMICA P-1 OBRA'!S140+'OF ECONOMICA P-2 SUM Y TOTAL '!S28 -> 0
A32: PRESUPUESTO OFICIAL (OBRA + SUMINISTRO) PARA UN (1) LOTE: | M32: =G30+K30+O30+S30 -> 0
A35: NOTA 1: Se debe tener en cuenta que el PRECIO UNITARIO incluye el valor del IVA
A36: NOTA 2: Cuando la fracción decimal del peso sea igual o superior a 5 se aproximará por exceso al número entero siguiente del peso y cuando la fracción decimal del peso sea inferior a 5 se aproximará por defecto al número entero del peso.
A37: NOTA 3: El IVA y su discriminación deben estar en porcentaje (%).
A38: TOTAL IVA
